 Dungeon Crawl Stone Soup version 0.29.1-12-g30fa7ad0bf (webtiles) character file.

Game seed: 9572820832055557663

12212 soggyman666 the Cleaver (level 11, -8/145 HPs)
             Began as a Minotaur Fighter on Dec 27, 2022.
             Was an Elder of Trog.
             Mangled by a minotaur
             ... wielding a +2 vorpal halberd
              (25 damage)
             ... in a Gauntlet.
             The game lasted 00:38:47 (14017 turns).

soggyman666 the Cleaver (Minotaur Fighter)         Turns: 14017, Time: 00:38:48

Health: -8/145     AC: 22    Str: 31    XL:     11   Next: 59%
Magic:  0/10       EV:  9    Int:  5    God:    Trog [****..]
Gold:   799        SH:  5    Dex: 10    Spells: 10/10 levels left

rFire   . . .      SeeInvis .   o - +3 whip (vamp)
rCold   . . .      Faith    .   c - +0 buckler
rNeg    . . .      Spirit   +   H - +0 plate armour
rPois   .          Reflect  .   (helmet restricted)
rElec   .          Harm     .   J - +0 cloak {Stlth+}
rCorr   .          Rampage  .   (no gloves)
Will    .....      NoTele   +   M - +1 pair of boots
Stlth   ..........              G - amulet of guardian spirit
HPRegen 0.34/turn               m - +4 ring of protection
MPRegen 0.12/turn               E - +6 ring of strength

@: mighty, berserking (expiring), very quick
A: horns 2, retaliatory headbutt
a: Renounce Religion, Berserk, Trog's Hand, Brothers in Arms


You were in a Gauntlet.
You worshipped Trog.
Trog was greatly pleased with you.
You visited 3 branches of the dungeon, and saw 12 of its levels.
You also visited: Gauntlet.

You collected 799 gold pieces.

Inventory:

Hand Weapons
 a - a +2 war axe
 o - a +3 vampiric whip (weapon)
 L - a +3 hand axe of freezing
Missiles
 l - 2 atropa-tipped darts
 F - 12 poisoned darts (quivered)
Armour
 c - a +0 buckler (worn)
 H - a +0 plate armour (worn)
 J - a +0 cloak of stealth (worn)
 M - a +1 pair of boots (worn)
Jewellery
 f - an amulet of the acrobat
 m - a +4 ring of protection (left hand)
 r - a ring of see invisible
 A - a ring of flight
 D - a +4 ring of protection
 E - a +6 ring of strength (right hand)
 G - an amulet of guardian spirit (around neck)
 I - a ring of poison resistance
Wands
 y - a wand of flame (22)
 B - a wand of quicksilver (14)
Scrolls
 b - a scroll of noise {unknown}
 e - a scroll of amnesia {unknown}
 g - 2 scrolls of magic mapping
 h - a scroll of poison {unknown}
 j - 2 scrolls of blinking
 k - 3 scrolls of fog {unknown}
 p - 4 scrolls of teleportation
 q - 3 scrolls of silence
 v - a scroll of fear
 w - 2 scrolls of brand weapon {unknown}
Potions
 i - a potion of invisibility
 n - a potion of attraction {unknown}
 s - 8 potions of curing
 t - a potion of brilliance {unknown}
 u - 3 potions of heal wounds
 x - 3 potions of berserk rage {unknown}
 z - a potion of lignification {unknown}
 C - 2 potions of degeneration {unknown}
 K - a potion of haste {unknown}
 N - a potion of mutation {unknown}


   Skills:
 + Level 9.3 Fighting
 + Level 13.8 Axes
 + Level 1.8(9.1) Maces & Flails
 + Level 1.1 Throwing
 + Level 10.7 Armour
 + Level 3.7 Dodging
 + Level 1.1 Stealth
 + Level 7.6 Shields
 * Level 5.9 Evocations


You had 10 spell levels left.
You didn't know any spells.
Your spell library contained the following spells:

 Spells                   Type           Power      Damage    Failure   Level
 Dazzling Flash           Conj/Hex       0%         N/A       100%        3
 Agony                    Necr           0%         N/A       100%        5
 Silence                  Hex/Air        0%         N/A       100%        5


Dungeon Overview and Level Annotations

Branches:
Dungeon (10/15)            Temple (1/1) D:4            Lair (1/5) D:10
Gauntlet (1/1)
    Orc: D:9-12

Altars:
Ashenzari
Cheibriados
Dithmenos
Elyvilon
Fedhas
Gozag
Hepliaklqana
Kikubaaqudgha
Makhleb
Nemelex Xobeh
Okawaru
Qazlal
Ru
Sif Muna
Trog
Uskayaw
Vehumet
Wu Jian
Xom
Yredelemnul
Zin
The Shining One

Shops:
D:8 *

Annotations:
Gauntlet 7 transporters, exclusion: orange crystal statue


Innate Abilities, Weirdness & Mutations

You have a pair of horns on your head.
You reflexively headbutt those who attack you in melee.


Message History

Found a gate leading back out of this place.
A red film seems to cover your vision as you go berserk!
You feel yourself moving faster!
You feel mighty!
You feel a strong urge to attack something.
The minotaur hits you from afar with a +2 vorpal halberd!!
There is an open door, spattered with blood here.
The minotaur hits you with a +2 vorpal halberd!!
The minotaur gores you but does no damage.
You whack the minotaur!
The minotaur is moderately wounded.
You hit the minotaur.
You feel better.
The minotaur is moderately wounded.
The minotaur hits you with a +2 vorpal halberd!
The minotaur gores you.
You are too injured to fight recklessly!
You are too injured to fight recklessly!
You are too injured to fight recklessly!
You are too injured to fight recklessly!
You hit the minotaur.
You headbutt the minotaur, but do no damage.
The minotaur is moderately wounded.
You completely miss the minotaur.
The minotaur is moderately wounded.
The minotaur barely misses you. You furiously retaliate!
You headbutt the minotaur! The minotaur gores you!
You barely miss the minotaur.
The minotaur furiously retaliates!
The minotaur headbutts you!
Your headbutt misses the minotaur.
The minotaur is heavily wounded.
You whack the minotaur!
You feel better.
The minotaur is heavily wounded.
The minotaur hits you with a +2 vorpal halberd!!
* * * LOW HITPOINT WARNING * * *
x2 The minotaur closely misses you.
You hit the minotaur but do no damage.
You headbutt the minotaur, but do no damage.
The minotaur is heavily wounded.
You completely miss the minotaur.
The minotaur is heavily wounded.
The minotaur hits you with a +2 vorpal halberd!!
You die...

###### #≈≈≈#...##
####....##.##...#...#8
##....##.##......#.8.#©
#..##.##....##.8.#.⌠.#8
##.##....##.##.©.#.8.##
##....##.##....8.#...#)
#..##.##....##.©.#...#.
########.##.##.8.#.8.#.
###∩.H@'.##....©.#.∩.#.
#.######....##.8.#.8.#.
##.##....##.##.©.#...#.
##....##.##....8.#...#.
#..##.##....##.©.#.8.##
##.##....##.##.8.#.⌠.#8
#....##.##......#.8.#©
####.##....##...#...#8
##########≈≈≈#...##


You could see a minotaur.

Vanquished Creatures
  2 two-headed ogres (D:9)
  A wizard (Gauntlet)
  A necromancer (Gauntlet)
  Maurice (D:8)
  Psyche (D:8)
  A spectral elephant (Gauntlet)
  3 shadows (D:10)
  A wraith (D:9)
  21 yaks
  An acid dragon (D:9)
  A sky beast (D:7)
  3 water moccasins
  5 black bears
  An ogre (D:5)
  7 orc warriors
  3 ice beasts
  5 wolves (Gauntlet)
  3 centaurs
  A phantom (D:5)
  3 kobold brigands (D:6)
  7 bullfrogs
  A gnoll sergeant (D:5)
  5 scorpions
  2 necrophages
  12 wights
  3 killer bees (D:10)
  4 electric eels (D:6)
  A jelly (D:8)
  6 orc priests
  3 hounds
  4 iguanas
  5 orc wizards
  11 adders
  25 gnolls
  3 shadow imps
  4 white imps
  An ufetubus (D:5)
  4 worms
  2 dart slugs
  19 orcs
  3 endoplasms
  5 giant cockroaches
  7 goblins
  14 hobgoblins
  11 jackals
  48 kobolds
  3 quokkas
  10 ball pythons
  7 bats
  3 frilled lizards
  3 rats
301 creatures vanquished.

Vanquished Creatures (others)
  9 fungi (D:10)
  9 plants (D:10)
18 creatures vanquished.

Grand Total: 319 creatures vanquished

Notes
Turn   | Place    | Note
-------+----------+-------------------------------------------
     0 | D:1      | soggyman666 the Minotaur Fighter began the quest for the
                  | Orb.
     0 | D:1      | Reached XP level 1. HP: 19/19 MP: 0/0
   217 | D:1      | Reached XP level 2. HP: 27/27 MP: 1/1
   445 | D:1      | Found a faded altar of an unknown god.
  1038 | D:2      | Reached skill level 3 in Axes
  1038 | D:2      | Reached XP level 3. HP: 29/33 MP: 2/2
  1535 | D:2      | Reached skill level 4 in Axes
  1535 | D:2      | Reached XP level 4. HP: 40/40 MP: 3/3
  2652 | D:4      | Noticed a scorpion
  2655 | D:4      | Killed a scorpion
  2656 | D:4      | Reached skill level 1 in Dodging
  2656 | D:4      | Reached XP level 5. HP: 46/46 MP: 4/4
  2664 | D:4      | Reached skill level 5 in Axes
  2884 | D:4      | Found a staircase to the Ecumenical Temple.
  2907 | Temple   | Entered the Ecumenical Temple
  2970 | Temple   | Became a worshipper of Trog the Wrathful
  3595 | D:4      | Reached skill level 5 in Armour
  3666 | D:5      | Entered Level 5 of the Dungeon
  3671 | D:5      | Reached XP level 6. HP: 52/52 MP: 5/5
  3683 | D:5      | Reached skill level 6 in Axes
  3891 | D:5      | Found a blossoming altar of Fedhas.
  3897 | D:5      | Reached * piety under Trog
  3898 | D:5      | Reached XP level 7. HP: 60/60 MP: 6/6
  3923 | D:5      | Found a burning altar of Makhleb.
  3923 | D:5      | Noticed an Executioner
  4147 | D:5      | Reached skill level 7 in Axes
  4308 | D:5      | Reached skill level 5 in Shields
  4315 | D:5      | Found an iron altar of Okawaru.
  4733 | D:5      | Reached skill level 5 in Fighting
  4742 | D:5      | Reached skill level 8 in Axes
  4961 | D:6      | Reached XP level 8. HP: 61/68 MP: 7/7
  5141 | D:6      | Reached skill level 9 in Axes
  5896 | D:6      | Reached skill level 1 in Stealth
  5911 | D:6      | Reached ** piety under Trog
  6429 | D:6      | Reached skill level 10 in Axes
  6682 | D:6      | Reached XP level 9. HP: 51/75 MP: 8/8
  6712 | D:6      | Reached skill level 1 in Evocations
  7241 | D:7      | Reached *** piety under Trog
  7244 | D:7      | Found a glowing golden altar of the Shining One.
  7272 | D:7      | Found a hazy altar of Hepliaklqana.
  7274 | D:7      | Found a broken altar of Ashenzari.
  7855 | D:7      | Found a glowing silver altar of Zin.
  8211 | D:8      | Noticed Psyche
  8228 | D:8      | Killed Psyche
  8229 | D:8      | Reached skill level 11 in Axes
  8346 | D:8      | Noticed Maurice
  8373 | D:8      | Killed Maurice
  8839 | D:8      | Found Viyxzo's Assorted Antiques.
  8865 | D:8      | Reached XP level 10. HP: 86/86 MP: 9/9
  8883 | D:8      | Reached skill level 12 in Axes
  9751 | D:9      | Found a sacrificial altar of Ru.
  9868 | D:9      | Noticed a two-headed ogre
  9876 | D:9      | Killed a two-headed ogre
 10009 | D:9      | You fall into a shaft and drop 1 floor!
 10009 | D:10     | Entered Level 10 of the Dungeon
 10195 | D:9      | Reached **** piety under Trog
 10208 | D:9      | Reached skill level 13 in Axes
 10628 | D:9      | Noticed a two-headed ogre
 10638 | D:9      | Killed a two-headed ogre
 10639 | D:9      | Reached skill level 10 in Armour
 10639 | D:9      | Reached skill level 5 in Evocations
 10639 | D:9      | Reached XP level 11. HP: 57/95 MP: 10/10
 10890 | D:9      | Found a stormy altar of Qazlal.
 12025 | D:10     | Reached skill level 1 in Throwing
 12051 | D:10     | Found a hide-covered altar of Uskayaw.
 12120 | D:10     | Found a staircase to the Lair.
 12998 | Lair:1   | Entered Level 1 of the Lair of Beasts
 13012 | Lair:1   | Found a gate leading to a gauntlet.
 13024 | Gauntlet | Entered a Gauntlet
 13024 | Gauntlet | Noticed a necromancer
 13024 | Gauntlet | Found a transporter.
 13056 | Gauntlet | Found a transporter.
 13058 | Gauntlet | Found a transporter.
 13059 | Gauntlet | Found a transporter.
 13067 | Gauntlet | Found a transporter.
 13067 | Gauntlet | Noticed a death scarab
 13070 | Gauntlet | Found a transporter.
 13071 | Gauntlet | Found a transporter.
 13073 | Gauntlet | Noticed a wizard
 13078 | Gauntlet | Found a runed translucent gate.
 13078 | Gauntlet | Found a runed translucent gate.
 13080 | Gauntlet | Found a transporter.
 13083 | Gauntlet | Found a transporter.
 13084 | Gauntlet | Found a transporter.
 13092 | Gauntlet | Found a runed translucent gate.
 13096 | Gauntlet | Found a transporter.
 13096 | Gauntlet | Found a transporter.
 13097 | Gauntlet | Found a transporter.
 13097 | Gauntlet | Noticed an orange crystal statue
 13105 | Gauntlet | Found a transporter.
 13367 | Gauntlet | Killed a necromancer
 13392 | Gauntlet | Reached skill level 1 in Maces & Flails
 13932 | Gauntlet | Killed a wizard
 14006 | Gauntlet | Noticed a minotaur
 14017 | Gauntlet | Mangled by a minotaur

Illustrated notes

Levels and vault maps discovered:
D:1:      sevenhm_arrival_forest_fort_small_6, layout_loops_corners,
          shapermc_ecumenical_altar_notcrosses, chequers_jeans
D:2:      layout_basic
D:3:      layout_basic, dk_noncrumbling_4, grunt_ministairs_3
D:4:      layout_loops_ring, minmay_temple_entry_mist
D:5:      layout_loops_corners, makhleb_altar_promises_db, fedhas_altar_2,
          mainiacjoe_overflow_concentric_impassable, grunt_ministairs_3
D:6:      minmay_goblin_kobold_castle, layout_basic
D:7:      layout_gridville, grunt_temple_overflow_open, zin_scriptorium
D:8:      layout_basic, serial_shops, shop, uniq_psyche, uniq_maurice
D:9:      layout_basic, mainiacjoe_overflow_catch_the_wave,
          hellmonk_guarded_unrand_dark_maul
D:10:     layout_loops_ring, nicolae_uskayaw_murder_on_the_dancefloor,
          grunt_lair_entry_orc_guard_hut
Temple:   nicolae_temple_ecumenical_triangle
Lair:1:   layout_long_grid, gauntlet_entry_generic, basic_altar
Gauntlet: gammafunk_gauntlet_77_escape_option
          [minmay_gauntlet_arena_77_checkered, minmay_gauntlet_arena_77_braids,
          minmay_gauntlet_arena_77_run_for_it,
          minmay_gauntlet_arena_77_chump_sandwich,
          minmay_gauntlet_arena_77_mirror, gauntlet_exit_green]

Skill      XL: |  1  2  3  4  5  6  7  8  9 10 11 |
---------------+----------------------------------+-----
Armour         | 4 5 6 7 8 10 | 10.7
Shields        | 4 5 6 7 |  7.6
Axes           | 3 4 5 6 8 10 11 13 | 13.8
Fighting       | 4 5 6 7 8 9 |  9.3
Dodging        | 1 2 3 |  3.7
Stealth        | 1 |  1.1
Evocations     | 3 5 |  5.9
Throwing       | 1 |  1.1
Maces & Flails | 1 |  1.8

Action                   |  1- 3 |  4- 6 |  7- 9 | 10-12 || total
-------------------------+-------+-------+-------+-------++-------
Melee: War axe           |    72 |   118 |   314 |   101 ||   605
       Headbutt          |     3 |    22 |    43 |    66 ||   134
       Hand axe          |       |       |       |   133 ||   133
       Whip              |       |       |       |    61 ||    61
Throw: Dart              |       |       |     3 |    11 ||    14
Invok: Trog's Hand       |       |       |     1 |     1 ||     2
       Berserk           |       |       |       |     1 ||     1
Evoke: Wand              |       |       |       |     2 ||     2
  Use: Scroll            |     1 |     9 |     2 |     9 ||    21
       Potion            |       |       |     1 |     5 ||     6
Armor: Scale mail        |    32 |    47 |       |       ||    79
       Chain mail        |       |     7 |    98 |       ||   105
       Plate armour      |       |       |    43 |   145 ||   188
Dodge: Dodged            |    61 |    91 |   118 |   137 ||   407
Block: Buckler           |    20 |    32 |    71 |    77 ||   200
